 Dungeon Crawl Stone Soup version 0.18.1-8-gdd0e5ea (webtiles) character file.

2700 pipel the Covert (level 9, 0/42 HPs)
             Began as a Spriggan Enchanter on May 21, 2016.
             Was an Initiate of Gozag.
             Slain by Thrillho's ghost (17 damage)
             ... on level 7 of the Dungeon.
             The game lasted 00:30:17 (6645 turns).

pipel the Covert (Spriggan Enchanter)               Turns: 6645, Time: 00:30:17

Health: 0/42       AC:  5    Str:  4    XL:     9   Next: 38%
Magic:  4/21       EV: 23    Int: 18    God:    Gozag
Gold:   385        SH:  0    Dex: 18    Spells: 5 memorised, 11 levels left

rFire  . . .     SeeInvis +     a - +3 dagger of Sharkskin {pierce, +Blink MR+ Stlth+}
rCold  . . .     Gourm    .     p - +1 robe
rNeg   . . .     Faith    .     (shield restricted)
rPois  .         Spirit   .     (helmet restricted)
rElec  .         Dismiss  .     v - +1 cloak
rCorr  .         Reflect  .     (gloves unavailable)
SustAt .         Harm     .     (boots unavailable)
MR     ++...                    (no amulet)
Stlth  ++++++++..               (no ring)
                                d - ring of stealth

@: gold aura, very quick, very resistant to hostile enchantments,
extraordinarily stealthy
A: unfitting armour, see invisible, herbivore 3, speed 3, slow metabolism 2
a: Potion Petition, Call Merchant, Bribe Branch, Renounce Religion, Evoke Blink


You were on level 7 of the Dungeon.
You worshipped Gozag.
Gozag was noncommittal.
You were not hungry.

You visited 2 branches of the dungeon, and saw 8 of its levels.
You also visited: Sewer.

You collected 464 gold pieces.
You paid 79 gold pieces to Gozag.

Inventory:

Hand Weapons
 a - the +3 dagger of Sharkskin (weapon) {pierce, +Blink MR+ Stlth+}
   (You found it on level 7 of the Dungeon)

   It inflicts extra damage upon your enemies.
   It affects your resistance to hostile enchantments.
   It lets you blink.
   It makes you more stealthy.
 b - a +0 hunting sling
 s - a +2 spear of venom
 u - a +0 falchion of flaming
 y - a +0 rapier
 N - a +1 dagger of venom
Missiles
 k - 59 sling bullets
 m - 228 stones
 q - a throwing net
 x - 8 poisoned needles
 B - 3 tomahawks (quivered)
Armour
 j - a -2 robe
 o - a +0 buckler
 p - a +1 robe (worn)
 v - a +1 cloak (worn)
Jewellery
 d - a ring of stealth (left hand)
Wands
 z - a wand of flame (3/48)
 C - a wand of polymorph (4/24)
Scrolls
 e - 2 scrolls of blinking
 f - 3 scrolls of enchant weapon
 i - 2 scrolls of fear
 l - 4 scrolls of teleportation
 w - 5 scrolls of identify
 F - a scroll of enchant armour {unknown}
 G - 3 scrolls of magic mapping {unknown}
 H - 3 scrolls of recharging
 O - a scroll of noise {unknown}
 P - a scroll of remove curse
Potions
 g - a potion of lignification {unknown}
 n - 4 potions of might {unknown}
 r - 4 potions of heal wounds {unknown}
 t - 2 potions of agility
 A - 2 potions of haste {unknown}
 D - a potion of flight {unknown}
 E - a potion of brilliance
 I - a potion of resistance
 J - 4 potions of curing {unknown}
 K - 2 potions of magic {unknown}
 L - 3 potions of invisibility {unknown}
 M - a potion of mutation {unknown}
Books
 c - a book of Maledictions

   Spells                             Type                      Level
   a - Corona                         Hexes                        1
   b - Ensorcelled Hibernation        Hexes/Ice                    2
   c - Confuse                        Hexes                        3
   d - Tukima's Dance                 Hexes                        3
   e - Dazzling Spray                 Conjuration/Hexes            3
Comestibles
 h - 3 bread rations


   Skills:
 + Level 1.8 Fighting
 - Level 1.1 Short Blades
 - Level 1.0(1.2) Slings
 + Level 0.6(0.9) Throwing
 + Level 7.5 Dodging
 + Level 11.2 Stealth
 + Level 7.6 Spellcasting
 + Level 1.2 Conjurations
 + Level 7.7 Hexes
 - Level 2.2 Ice Magic
 * Level 3.0 Evocations


You had 11 spell levels left.
You knew the following spells:

 Your Spells              Type           Power        Failure   Level  Hunger
a - Corona                Hex            ####...      1%          1    None
c - Confuse               Hex            ####....     1%          3    #......
d - Tukima's Dance        Hex            ####....     1%          3    #......
h - Ensorcelled Hibernat  Hex/Ice        ###...       1%          2    None
s - Dazzling Spray        Conj/Hex       ###.....     6%          3    #......


Dungeon Overview and Level Annotations

Branches:
Dungeon (7/15)             Temple (1/1) D:6

Altars:
Ashenzari
Cheibriados
Dithmenos
Elyvilon
Fedhas
Gozag
Makhleb
Nemelex Xobeh
Qazlal
Ru
Trog
Yredelemnul
The Shining One

Annotations:
D:4 exclusion: downstairs
D:5 ThereIsNoGod's ghost, novice OpAs
D:7 Thrillho's ghost, novice OpBe


Innate Abilities, Weirdness & Mutations

You are tiny and cannot use many weapons and most armour.
You have supernaturally acute eyesight.
You are a herbivore.
You cover ground extremely quickly.
You need consume almost no food.


Message History

You impale the hound!!
You kill the hound!
Your Evocations skill increases to level 3!
You see here 7 gold pieces.
You now have 379 gold pieces (gained 7).
Thrillho's ghost is distracted by the nearby gold.
You now have 385 gold pieces (gained 6).
Thrillho's ghost is no longer distracted by gold.
Thrillho's ghost hits you.
You take 5 damage, and have 28/42 hp.
Casting: Dazzling Spray
Confirm with . or Enter, or press ? or * to list all spells.
Aiming: Dazzling Spray
Press: ? - help, Shift-Dir - straight line, f - Thrillho's ghost
Aim: Thrillho's ghost, wielding a weapon of electrocution (moderately damaged)
The spray of energy hits Thrillho's ghost.
Thrillho's ghost is heavily damaged.
Thrillho's ghost hits you!
You are electrocuted!
You die...
Your body crumbles into a pile of gold.

#.##.# ..##..... ###.##.#
........ ### ##...##.#
#e...... #.### #..####.#
##e...... #...###.#####.#
##h./.....
#.#..##.......####.W.......
#e##......##..##...#......#
#W#####...##.>.#.###.....#.
#.# #..W@....#.##........
#.# #..##..#.#.##.##..###
#.### #..###.....##.#....#
#.$.###.W# ##....##...#..##
###.##..## ##.......##...#
#.##..# #.........#.#)#
#.##$######...........#..
#....##................$.
##..#................#....


You could see Thrillho's ghost.

Vanquished Creatures
  A troll (D:6)
  A hungry ghost (D:7)
  Edmund (D:6)
  Menkaure (D:7)
  Duvessa (D:7)
  A wasp (D:7)
  2 phantoms
  An ogre (D:6)
  2 centaurs
  Blork the orc (D:5)
  5 giant frogs
  A wyvern zombie (D:6)
  Dowan (D:7)
  5 wights (D:6)
  A crimson imp (D:7)
  A centaur zombie (D:6)
  An orc priest (D:3)
  A giant frog skeleton (D:7)
  4 hounds
  An orc wizard (D:3)
  An iguana (D:6)
  5 worker ants
  2 hound zombies
  2 hound skeletons
  A howler monkey zombie (D:7)
  4 gnolls (D:5)
  14 adders
  5 river rats (Sewer)
  A shadow imp (D:7)
  An adder skeleton (D:7)
  6 giant geckos
  10 orcs
  6 giant cockroaches
  4 goblins
  4 hobgoblins (D:1)
  6 jackals
  3 kobolds
  A quokka (D:2)
  14 ball pythons
  2 bats (D:1)
  8 giant newts
  27 rats
160 creatures vanquished.

Vanquished Creatures (collateral kills)
  2 wights (D:6)
2 creatures vanquished.

Vanquished Creatures (others)
  5 dancing weapons
  A goblin (D:3)
6 creatures vanquished.

Grand Total: 168 creatures vanquished

Notes
Turn   | Place    | Note
--------------------------------------------------------------
     0 | D:1      | pipel the Spriggan Enchanter began the quest for the Orb.
     0 | D:1      | Reached XP level 1. HP: 9/9 MP: 5/5
   528 | D:1      | Reached XP level 2. HP: 13/13 MP: 6/6
   532 | D:1      | Learned a level 2 spell: Ensorcelled Hibernation
   954 | D:2      | Reached skill level 5 in Stealth
  1366 | D:2      | Reached skill level 1 in Slings
  1366 | D:2      | Reached XP level 3. HP: 16/16 MP: 8/8
  1391 | D:2      | Learned a level 3 spell: Dazzling Spray
  1627 | D:3      | Found a stormy altar of Qazlal.
  1830 | D:3      | Reached XP level 4. HP: 21/21 MP: 5/9
  1904 | D:3      | Learned a level 3 spell: Tukima's Dance
  2178 | D:3      | Reached skill level 1 in Ice Magic
  2355 | D:3      | Reached XP level 5. HP: 24/24 MP: 10/10
  2388 | D:3      | Reached skill level 5 in Hexes
  2914 | D:4      | Reached skill level 6 in Stealth
  3372 | D:5      | Entered Level 5 of the Dungeon
  3372 | D:5      | Noticed ThereIsNoGod's ghost (novice OpAs)
  3485 | D:5      | Reached XP level 6. HP: 28/28 MP: 4/12
  3498 | D:5      | Noticed Blork the orc
  3511 | D:5      | Killed Blork the orc
  3511 | D:5      | Reached skill level 7 in Stealth
  3776 | D:5      | Found a burning altar of Makhleb.
  3779 | D:5      | Reached skill level 5 in Dodging
  3945 | D:5      | Learned a level 3 spell: Confuse
  3954 | D:6      | Noticed Edmund
  3989 | D:6      | Killed Edmund
  3989 | D:6      | Reached skill level 8 in Stealth
  3989 | D:6      | Reached XP level 7. HP: 32/32 MP: 7/14
  4061 | D:6      | Found a glowing drain.
  4164 | D:6      | Reached skill level 5 in Spellcasting
  4295 | D:6      | Found a glowing golden altar of the Shining One.
  4298 | D:6      | Found a basalt altar of Yredelemnul.
  4300 | D:6      | Noticed a profane servitor
  4308 | D:6      | Noticed an angel
  4316 | D:6      | Noticed a troll
  4324 | D:6      | Killed a troll
  4324 | D:6      | Reached skill level 1 in Fighting
  4324 | D:6      | Reached skill level 9 in Stealth
  4330 | D:6      | Reached XP level 8. HP: 14/37 MP: 6/17
  4387 | Sewer    | Entered a sewer
  4638 | Sewer    | Reached skill level 1 in Conjurations
  5245 | D:6      | Found a staircase to the Ecumenical Temple.
  5257 | Temple   | Entered the Ecumenical Temple
  5282 | Temple   | Became a worshipper of Gozag Ym Sagoz the Greedy
  5629 | D:6      | Reached skill level 10 in Stealth
  5681 | D:6      | Found a shadowy altar of Dithmenos.
  5681 | D:6      | Found a sacrificial altar of Ru.
  5681 | D:6      | Found a bloodstained altar of Trog.
  6059 | D:7      | Got an ichor-stained dagger
  6061 | D:7      | Noticed Thrillho's ghost (novice OpBe)
  6067 | D:7      | Identified the cursed +3 dagger of Sharkskin {pierce, +Blink MR+ Stlth+} (You found it on level 7 of the Dungeon)
  6113 | D:7      | Reached XP level 9. HP: 25/42 MP: 6/20
  6162 | D:6      | Found a glowing golden altar of the Shining One.
  6306 | D:6      | Found a staircase to the Ecumenical Temple.
  6439 | D:7      | Reached skill level 1 in Evocations
  6442 | D:7      | Noticed Menkaure
  6454 | D:7      | Killed Menkaure
  6454 | D:7      | Reached skill level 11 in Stealth
  6505 | D:7      | Noticed Dowan
  6507 | D:7      | Noticed Duvessa
  6610 | D:7      | Killed Duvessa
  6624 | D:7      | Killed Dowan
  6645 | D:7      | Slain by Thrillho's ghost

Skill      XL: |  1  2  3  4  5  6  7  8  9 |
---------------+----------------------------+-----
Hexes          | 4 5 6 7 |  7.7
Stealth        | 5 6 8 9 10 11 | 11.2
Slings         | 1 |  1.0
Spellcasting   | 3 4 5 7 |  7.6
Dodging        | 4 5 6 7 |  7.5
Ice Magic      | 1 2 |  2.2
Fighting       | 1 |  1.8
Conjurations   | 1 |  1.2
Evocations     | 3 |  3.0
Short Blades   | |  1.1
Throwing       | |  0.6

Action                   |  1- 3 |  4- 6 |  7- 9 || total
-------------------------+-------+-------+-------++-------
Melee: Spear             |    31 |    56 |     3 ||    90
       Dagger            |     2 |    47 |   193 ||   242
       Hunting sling     |     2 |       |       ||     2
 Fire: Hunting sling     |    71 |     2 |   112 ||   185
Throw: Tomahawk          |       |     4 |     1 ||     5
 Cast: Ensorcelled Hiber |    11 |     9 |    40 ||    60
       Dazzling Spray    |     2 |     4 |    20 ||    26
       Tukima's Dance    |       |     7 |     9 ||    16
       Confuse           |       |     1 |    14 ||    15
Evoke: Wand              |       |       |     2 ||     2
  Use: Scroll            |     7 |     1 |     3 ||    11
       Potion            |     5 |       |       ||     5
 Stab: Sleeping          |     8 |    18 |    36 ||    62
       Distracted        |       |     1 |     1 ||     2
       Invisible         |       |     1 |     1 ||     2
       Confused          |       |     4 |     8 ||    12
  Eat: Bread ration      |       |     1 |     1 ||     2
Armor: Robe              |     6 |     8 |    24 ||    38
Dodge: Dodged            |    66 |    59 |   181 ||   306
